AoeStats
← seangame151

African Clearing

510322688Analyzed
4v4 RM · 1d ago on Sep 30, 2026· 24m 22s· 8 players
Game mode
Random Map
Map size
Large (8 player)
Population
200
Speed
Normal
Resources
Standard
Victory
Conquest
Starting age
Dark Age
Ending age
Imperial Age
RankedLock teamsTeams togetherTeam positionsShared explorationLock speedFull tech treeHidden civsTurbo modeCheats
Victory
Defeat
🇨🇳 Lithuanians · China
1366
+14
🇨🇳 Byzantines · China
1348
+15
🇺🇸 Cumans · United States
1294
+17
🇺🇸 Turks · United States
1291
+17
1337
-16
🇨🇳 Mongols · China
1337
-16
🇨🇳 Franks · China
1318
-16
🇮🇳 Koreans · India
1304
-15
魔鬼我在索马里
10:16 Loom
13:01 Feudal Age
13:42 Arson
13:57 Double-Bit Axe
15:29 Forging
24:08 Castle Age
23:23 Gold Mining
漫天星辰
4:57 Loom
14:52 Feudal Age
19:12 Fletching
21:30 Castle Age
21:14 Fletching
菜鸟来练手
4:36 Loom
12:00 Feudal Age
13:42 Double-Bit Axe
13:49 Town Watch
16:41 Wheelbarrow
16:38 Forging
16:41 Scale Barding Armor
20:26 Bloodlines
小帅shuai
14:00 Feudal Age
17:54 Castle Age
17:17 Double-Bit Axe
22:51 Loom
22:54 Town Watch
seangame151
11:45 Feudal Age
10:37 Loom
12:16 Double-Bit Axe
15:05 Wheelbarrow
17:12 Horse Collar
21:09 Castle Age
20:30 Bloodlines
20:34 Fletching
21:02 Padded Archer Armor
22:35 Scale Barding Armor
24:55 Bodkin Arrow
SlyFever
9:33 Loom
11:59 Feudal Age
13:08 Double-Bit Axe
13:39 Horse Collar
19:37 Gold Mining
23:00 Castle Age
21:26 Scale Barding Armor
21:32 Forging
21:32 Stone Mining
22:29 Bloodlines
24:16 Chain Barding Armor
AER发到手软
3:15 Loom
12:09 Feudal Age
14:31 Double-Bit Axe
18:38 Castle Age
vuongan255
10:36 Loom
12:57 Feudal Age
14:54 Bloodlines
24:14 Castle Age
Connection lost

Rejoining the realm…

Still unreachable

The connection could not be restored.

Session expired

The server has moved on; the page needs a fresh start.